 Dungeon Crawl Stone Soup version 0.23-a0-143-g1adec7b (webtiles) character file.

12 Amnesiac the Skirmisher (level 2, 0/25 HPs)
             Began as a Mummy Wanderer on Sept 3, 2018.
             Slain by a hobgoblin
             ... wielding a +0 club
              (3 damage)
             ... on level 1 of the Dungeon.
             The game lasted 00:01:43 (417 turns).

Amnesiac the Skirmisher (Mummy Wanderer)             Turns: 417, Time: 00:01:44

Health: 0/25       AC:  2    Str: 16    XL:     2   Next: 20%
Magic:  6/6        EV: 11    Int: 12    God:
Gold:   11         SH:  0    Dex:  9    Spells: 4/7 levels left

rFire    x . .     SeeInvis .   b - +0 hand axe
rCold    + . .     Gourm    .   (no shield)
rNeg     + + +     Faith    .   d - +0 robe
rPois    ∞         Spirit   .   (no helmet)
rElec    .         Reflect  .   (no cloak)
rCorr    .         Harm     .   (no gloves)
MR       .....                  (no boots)
Stlth    ++........             (no amulet)
HPRegen  0.08/turn              (no ring)
MPRegen  0.10/turn              (no ring)

@: no status effects
A: no food or potions, fire vulnerability, cold resistance 1, negative energy
resistance 3, torment resistance, unbreathing
a: no special abilities


You were on level 1 of the Dungeon.
You were not hungry.

You visited 1 branch of the dungeon, and saw 2 of its levels.

You collected 11 gold pieces.

Inventory:

Hand Weapons
 b - a +0 hand axe (weapon)
Missiles
 c - 16 stones (quivered)
Armour
 d - a +0 robe (worn)
Scrolls
 a - a scroll of noise {!r, unknown}
 f - a scroll of identify {!r, unknown}


   Skills:
 - Level 4.0 Fighting
 - Level 1.0 Armour
 - Level 1.5 Stealth
 - Level 3.0 Spellcasting
 + Level 1.7 Earth Magic


You had 4 spell levels left.
You knew the following spells:

 Your Spells              Type           Power        Failure   Level  Hunger
a - Sandblast             Erth           #.....       12%         1    N/A
b - Passwall              Tmut/Erth      #.......     26%         2    N/A

Your spell library contained the following spells:

 Spells                   Type           Power        Failure   Level  Hunger
 Stone Arrow              Conj/Erth      #.....       45%         3    N/A
 Petrify                  Tmut/Erth      #.......     86%         4    N/A
 Lee's Rapid Deconstruct  Erth           #.........   97%         5    N/A

Dungeon Overview and Level Annotations

Branches:
Dungeon (2/15)

Altars:


Innate Abilities, Weirdness & Mutations

You do not eat or drink.
Your flesh is vulnerable to fire.
You are immune to poison.
Your flesh is cold resistant. (rC+)
You are immune to negative energy. (rN+++)
You are immune to unholy pain and torment.
You can survive without breathing.


Message History

A hobgoblin comes into view.
The hobgoblin shouts!
You hear a shout!
A goblin comes into view.
You hear a shout!
There are monsters nearby!
There are monsters nearby!
You hit the hobgoblin.
You kill the hobgoblin!
You miss the goblin. The goblin closely misses you.
You barely miss the goblin. The goblin closely misses you. x2
You miss the goblin. The goblin barely misses you.
You slash the goblin!
You kill the goblin!
No target in view!
No target in view!
No target in view!
No target in view!
No target in view!
No target in view!
No target in view!
No target in view!
No target in view!
No target in view!
No target in view!
No target in view!
No target in view!
No target in view!
No target in view!
No target in view!
Found a ration.
A giant cockroach comes into view.
A giant cockroach is nearby!
A giant cockroach is nearby!
A giant cockroach is nearby!
A hobgoblin comes into view. It is wielding a club.
The hobgoblin shouts!
You hit the hobgoblin but do no damage. The hobgoblin hits you with a club.
You closely miss the hobgoblin. You hit the giant cockroach.
You kill the giant cockroach!
The hobgoblin hits you with a club. x2
You closely miss the hobgoblin. The hobgoblin hits you with a club.
* * * LOW HITPOINT WARNING * * *
You barely miss the hobgoblin.
The hobgoblin hits you but does no damage.
You hit the hobgoblin.
The hobgoblin is severely wounded.
The hobgoblin hits you with a club.
* * * LOW HITPOINT WARNING * * *
You are too injured to fight recklessly!
You are too injured to fight recklessly!
You are too injured to fight recklessly!
You are too injured to fight recklessly!
You are too injured to fight recklessly!
You are too injured to fight recklessly!
You are too injured to fight recklessly!
You are too injured to fight recklessly!
You are too injured to fight recklessly!
You are too injured to fight recklessly!
You are too injured to fight recklessly!
You are too injured to fight recklessly!
You closely miss the hobgoblin.
The hobgoblin is severely wounded.
The hobgoblin hits you with a club.
You die...

.... ..# #....# #.# ##
#.##.# #.. .# #.##.# #.#
####.#### #.##.# #.#
#.......# ####.##.###.##
#.......#
.....##.##...###.......#
#.........†#.......%...#
####.##.##...###@......#
#.##.###.## #g......#
####.##.# #.# #.......#
........# #.# .....#.##
####.#### #.# ###..# #
#..# #.. ..# ##.# .##
#)# .# #.#


You could see a hobgoblin.

Vanquished Creatures
  2 giant cockroaches (D:1)
  2 goblins (D:1)
  2 hobgoblins (D:1)
  A kobold (D:1)
  A ball python (D:1)
  3 rats (D:1)
11 creatures vanquished.

Notes
Turn   | Place    | Note
-------+----------+-------------------------------------------
     0 | D:1      | Amnesiac the Mummy Wanderer began the quest for the Orb.
     0 | D:1      | Amnesiac set off with: a +0 hand axe, a +0 spear, a +0
                  | robe, a +0 dagger
     0 | D:1      | Reached XP level 1. HP: 19/19 MP: 4/4
     2 | D:1      | Learned a level 1 spell: Sandblast
   385 | D:1      | Reached XP level 2. HP: 23/25 MP: 6/6
   391 | D:1      | Learned a level 2 spell: Passwall
   417 | D:1      | Slain by a hobgoblin

Vault maps used:
D:1:      dpeg_arrival_simpleton_c, minmay_close_crescents
D:2:      tso_oasis_becter, overflow_temple_1_default, marbit_many_paths,
          nicolae_overflow_crystal_walls

Skill      XL: |  1 |
---------------+----+-----
Spellcasting   | 3 |  3.0
Fighting       | |  4.0
Armour         | |  1.0
Stealth        | |  1.5
Earth Magic    | |  1.7

Action                   || total
-------------------------++-------
Melee: Hand axe          ||    32
Armor: Robe              ||    10
Dodge: Dodged            ||    18

Table legend:
 A = Non-vault XP
 B = Vault XP
 C = Vault XP percentage of total XP
 D = Non-vault monster count
 E = Vault monster count
 F = Vault count percentage of total count
                 A         B        C        D         E       F
            +---------+---------+-------+---------+---------+-------
      Total |      18 |       0 |   0.0 |      11 |       0 |   0.0
            +---------+---------+-------+---------+---------+-------
        D:1 |      18 |       0 |   0.0 |      11 |       0 |   0.0
            +---------+---------+-------+---------+---------+-------
